TOP OF THE 1ST |
Wake Forest Demon Deacons batting - Pitching for Purdue Boilermakers : LHP Iván Serna
|
Pitching: LHP Iván Serna
|
|
Batting: RHB Tyler Robinson
|
0-0: Foul Ball, location: 2F 0-1: Ground out 5-3 (Groundball, 56S)
|
Batting: LHB Don Harris
|
0-0: Ball 1-0: Foul Ball, location: 2F 1-1: Foul Ball, location: 2F 1-2: Foul Ball, location: 2F 1-2: Ball 2-2: Strikes out swinging
|
Batting: RHB William Allen
|
0-0: Ground out 4-3 (Groundball, 34)
|
Top of the 1st over - 0 runs, 0 hits, 0 errors, 0 left on base; Wake Forest 0 - Purdue 0 |
BOTTOM OF THE 1ST |
Purdue Boilermakers batting - Pitching for Wake Forest Demon Deacons : RHP Horacio Vásquez
|
Pitching: RHP Horacio Vásquez
|
|
Batting: RHB Mark Jordan
|
0-0: Ball 1-0: Swinging Strike 1-1: Foul Ball, location: 2F 1-2: Ball 2-2: Ball 3-2: Fly out, F8 (Flyball, 8RD)
|
Batting: RHB Dave Burton
|
0-0: Ball 1-0: Ball 2-0: Ground out 5-3 (Groundball, 56S)
|
Batting: SHB Bryan Atkins
|
0-0: SINGLE (Groundball, 5) (infield hit)
|
Batting: RHB Lee Justice
|
0-0: SINGLE (Groundball, 6MD) Bryan Atkins to second Throwing error, E8 Bryan Atkins scores Lee Justice to second
|
Batting: RHB Aaron Baker
|
0-0: SINGLE (Line Drive, 4MD) Lee Justice to third Runner from 3rd tries for Home, SAFE, no throw
|
Batting: LHB Norm St. John
|
0-0: Swinging Strike 0-1: Foul Ball, location: 2F 0-2: Ball 1-2: Ball 2-2: Ball 3-2: Strikes out swinging
|
Bottom of the 1st over - 2 runs, 3 hits, 1 error, 1 left on base; Wake Forest 0 - Purdue 2 |
TOP OF THE 2ND |
Wake Forest Demon Deacons batting - Pitching for Purdue Boilermakers : LHP Iván Serna
|
Batting: RHB Mike Pope
|
0-0: Called Strike 0-1: Ball 1-1: Called Strike 1-2: Strikes out swinging
|
Batting: RHB Jack Hogan
|
0-0: Called Strike 0-1: Ball 1-1: Called Strike 1-2: Foul Ball, location: 2F 1-2: Strikes out looking
|
Batting: RHB Rob Miller
|
0-0: Ball 1-0: Called Strike 1-1: SINGLE (Groundball, 34S) (infield hit)
|
Batting: RHB Tim Workman
|
0-0: Ball 1-0: Ball 2-0: 2-RUN HOME RUN (Line Drive, 7D), Distance : 423 ft
|
Batting: RHB Leonard Brown
|
0-0: Ball 1-0: Ball 2-0: Swinging Strike 2-1: Ground out U3 (Groundball, 34)
|
Top of the 2nd over - 2 runs, 2 hits, 0 errors, 0 left on base; Wake Forest 2 - Purdue 2 |
BOTTOM OF THE 2ND |
Purdue Boilermakers batting - Pitching for Wake Forest Demon Deacons : RHP Horacio Vásquez
|
Batting: RHB Dan Osborne
|
0-0: Called Strike 0-1: Ground out 5-3 (Groundball, 5S)
|
Batting: SHB Guy Chávez
|
0-0: Swinging Strike 0-1: Called Strike 0-2: Ground out 4-3 (Groundball, 4)
|
Batting: RHB Bob Colbert
|
0-0: Fly out, F9 (Flyball, 9)
|
Bottom of the 2nd over - 0 runs, 0 hits, 0 errors, 0 left on base; Wake Forest 2 - Purdue 2 |
TOP OF THE 3RD |
Wake Forest Demon Deacons batting - Pitching for Purdue Boilermakers : LHP Iván Serna
|
Batting: RHB William Hudson
|
0-0: Called Strike 0-1: Swinging Strike 0-2: Foul Ball, location: 2F 0-2: Foul Ball, location: 2F 0-2: Ball 1-2: Strikes out swinging
|
Batting: RHB Tyler Robinson
|
0-0: Called Strike 0-1: Ball 1-1: Swinging Strike 1-2: Strikes out swinging
|
Batting: LHB Don Harris
|
0-0: Swinging Strike 0-1: Ball 1-1: Foul Ball, location: 2F 1-2: Ground out U3 (Groundball, 3S)
|
Top of the 3rd over - 0 runs, 0 hits, 0 errors, 0 left on base; Wake Forest 2 - Purdue 2 |
BOTTOM OF THE 3RD |
Purdue Boilermakers batting - Pitching for Wake Forest Demon Deacons : RHP Horacio Vásquez
|
Batting: RHB Mark Jordan
|
0-0: Called Strike 0-1: Ball 1-1: Foul Ball, location: 2F 1-2: Ball 2-2: Ball 3-2: Base on Balls
|
Batting: RHB Dave Burton
|
0-0: Ball 1-0: Called Strike Mark Jordan is caught stealing 2nd base 1-1: Called Strike 1-2: Ball 2-2: SINGLE (Line Drive, 6D)
|
Batting: SHB Bryan Atkins
|
0-0: Ball 1-0: Ball 2-0: Fielders Choice at 2nd, 4-6 (Groundball, 4)
|
Batting: RHB Lee Justice
|
0-0: Called Strike 0-1: Ball 1-1: Ball 2-1: Reached on error, E5 (Groundball, 56S) Bryan Atkins to second
|
Batting: RHB Aaron Baker
|
0-0: Swinging Strike 0-1: SINGLE (Groundball, 15S) (infield hit) Bryan Atkins to third Lee Justice to second
|
Batting: LHB Norm St. John
|
0-0: GRAND SLAM HOME RUN (Flyball, 9D), Distance : 376 ft
|
Batting: RHB Dan Osborne
|
0-0: SINGLE (Line Drive, 7LS)
|
Pitching: RHP José Villanueva
|
|
Batting: SHB Guy Chávez
|
0-0: Ball 1-0: Ball 2-0: Ball 3-0: Called Strike 3-1: Base on Balls Dan Osborne to second
|
Batting: RHB Bob Colbert
|
0-0: Called Strike 0-1: Fielders Choice at 2nd, 6-4 (Groundball, 6)
|
Bottom of the 3rd over - 4 runs, 4 hits, 1 error, 2 left on base; Wake Forest 2 - Purdue 6 |
TOP OF THE 4TH |
Wake Forest Demon Deacons batting - Pitching for Purdue Boilermakers : LHP Iván Serna
|
Batting: RHB William Allen
|
0-0: Called Strike 0-1: SINGLE (Flyball, 7S)
|
Batting: RHB Mike Pope
|
0-0: Ball 1-0: Foul Ball, location: 2F 1-1: Swinging Strike 1-2: Ball 2-2: Strikes out swinging
|
Batting: RHB Jack Hogan
|
0-0: Ball 1-0: Ball 2-0: Ball 3-0: Base on Balls William Allen to second
|
Batting: RHB Rob Miller
|
0-0: Ball 1-0: Ground out 5-3 (Groundball, 56S) William Allen to third Jack Hogan to second
|
Batting: RHB Tim Workman
|
0-0: Ball 1-0: Foul Ball, location: 2F 1-1: Swinging Strike 1-2: Foul Ball, location: 2F 1-2: Strikes out swinging
|
Top of the 4th over - 0 runs, 1 hit, 0 errors, 2 left on base; Wake Forest 2 - Purdue 6 |
BOTTOM OF THE 4TH |
Purdue Boilermakers batting - Pitching for Wake Forest Demon Deacons : RHP José Villanueva
|
Batting: RHB Mark Jordan
|
0-0: Ball 1-0: Called Strike 1-1: Ball 2-1: Foul Ball, location: 2F 2-2: Ball 3-2: Fly out, F4 (Popup, 4S)
|
Batting: RHB Dave Burton
|
0-0: Foul Ball, location: 2F 0-1: Ball 1-1: DOUBLE (Line Drive, 8RD)
|
Batting: SHB Bryan Atkins
|
0-0: Ball 1-0: Called Strike 1-1: Called Strike 1-2: Foul Ball, location: 2F 1-2: Foul Ball, location: 2F 1-2: Foul Ball, location: 2F 1-2: Strikes out looking
|
Batting: RHB Lee Justice
|
0-0: Called Strike 0-1: Swinging Strike 0-2: Ball 1-2: Ball 2-2: Strikes out swinging
|
Bottom of the 4th over - 0 runs, 1 hit, 0 errors, 1 left on base; Wake Forest 2 - Purdue 6 |
TOP OF THE 5TH |
Wake Forest Demon Deacons batting - Pitching for Purdue Boilermakers : LHP Iván Serna
|
Batting: RHB Leonard Brown
|
0-0: Ground out 4-3 (Groundball, 4)
|
Batting: RHB William Hudson
|
0-0: Swinging Strike 0-1: Ball 1-1: Foul Ball, location: 2F 1-2: Strikes out swinging
|
Batting: RHB Tyler Robinson
|
0-0: Ball 1-0: Ground out U3 (Groundball, 34)
|
Top of the 5th over - 0 runs, 0 hits, 0 errors, 0 left on base; Wake Forest 2 - Purdue 6 |
BOTTOM OF THE 5TH |
Purdue Boilermakers batting - Pitching for Wake Forest Demon Deacons : RHP José Villanueva
|
Batting: RHB Aaron Baker
|
0-0: Ball 1-0: Ground out 5-3 (Groundball, 56S)
|
Batting: LHB Norm St. John
|
0-0: Ball 1-0: Ball 2-0: Ball 3-0: Called Strike 3-1: Base on Balls
|
Batting: RHB Dan Osborne
|
0-0: Swinging Strike 0-1: Foul Ball, location: 2F 0-2: Strikes out swinging
|
Batting: SHB Guy Chávez
|
0-0: Ball 1-0: Ball 2-0: Foul Ball, location: 2F 2-1: Ball 3-1: Hit by Pitch Norm St. John to second
|
Batting: RHB Bob Colbert
|
0-0: Foul Ball, location: 2F 0-1: Foul Ball, location: 2F 0-2: Hit by Pitch Norm St. John to third Guy Chávez to second
|
Batting: RHB Mark Jordan
|
0-0: Fly out, F7 (Flyball, 7LM)
|
Bottom of the 5th over - 0 runs, 0 hits, 0 errors, 3 left on base; Wake Forest 2 - Purdue 6 |
TOP OF THE 6TH |
Wake Forest Demon Deacons batting - Pitching for Purdue Boilermakers : LHP Iván Serna
|
Batting: LHB Don Harris
|
0-0: Fly out, F8 (Flyball, 78M)
|
Batting: RHB William Allen
|
0-0: Ball 1-0: Called Strike 1-1: Foul Ball, location: 2F 1-2: Ball 2-2: Ball 3-2: SINGLE (Groundball, 6MD)
|
Batting: RHB Mike Pope
|
0-0: Called Strike 0-1: Called Strike 0-2: Strikes out swinging
|
Batting: RHB Jack Hogan
|
0-0: Fly out, F4 (Popup, 4S)
|
Top of the 6th over - 0 runs, 1 hit, 0 errors, 1 left on base; Wake Forest 2 - Purdue 6 |
BOTTOM OF THE 6TH |
Purdue Boilermakers batting - Pitching for Wake Forest Demon Deacons : RHP José Villanueva
|
Batting: RHB Dave Burton
|
0-0: Ball 1-0: Foul Ball, location: 2F 1-1: Ball 2-1: Ball 3-1: SOLO HOME RUN (Flyball, 7LD), Distance : 381 ft
|
Batting: SHB Bryan Atkins
|
0-0: Ground out 6-3 (Groundball, 6M)
|
Batting: RHB Lee Justice
|
0-0: Ball 1-0: Foul Ball, location: 2F 1-1: Foul Ball, location: 2F 1-2: Strikes out swinging
|
Batting: RHB Aaron Baker
|
0-0: Called Strike 0-1: Ball 1-1: Ball 2-1: Swinging Strike 2-2: Foul Ball, location: 2F 2-2: Ball 3-2: Foul Ball, location: 2F 3-2: Base on Balls
|
Pitching: RHP Steve Crowe
|
|
Batting: LHB Norm St. John
|
0-0: Ball 1-0: Swinging Strike 1-1: Foul Ball, location: 2F 1-2: Ground out 4-3 (Groundball, 34)
|
Bottom of the 6th over - 1 run, 1 hit, 0 errors, 1 left on base; Wake Forest 2 - Purdue 7 |
TOP OF THE 7TH |
Wake Forest Demon Deacons batting - Pitching for Purdue Boilermakers : LHP Iván Serna
|
Batting: RHB Rob Miller
|
0-0: Ball 1-0: Ground out 3-1 (Groundball, 34)
|
Pitching: RHP Jesús Betancourt
|
|
Batting: RHB Tim Workman
|
0-0: Called Strike 0-1: SOLO HOME RUN (Flyball, 89XD), Distance : 419 ft
|
Batting: RHB Leonard Brown
|
0-0: SINGLE (Line Drive, 6MD)
|
Batting: RHB William Hudson
|
0-0: Fly out, F9 (Flyball, 89M)
|
Batting: RHB Tyler Robinson
|
0-0: Called Strike 0-1: Called Strike 0-2: Ball 1-2: Foul Ball, location: 2F 1-2: Ground out 5-3 (Groundball, 56)
|
Top of the 7th over - 1 run, 2 hits, 0 errors, 1 left on base; Wake Forest 3 - Purdue 7 |
BOTTOM OF THE 7TH |
Purdue Boilermakers batting - Pitching for Wake Forest Demon Deacons : RHP Steve Crowe
|
Batting: RHB Dan Osborne
|
0-0: Fly out, F9 (Flyball, 9D)
|
Batting: SHB Guy Chávez
|
0-0: Swinging Strike 0-1: Ground out 4-3 (Groundball, 4)
|
Batting: RHB Bob Colbert
|
0-0: Ball 1-0: Ball 2-0: Foul Ball, location: 2F 2-1: Foul Ball, location: 2F 2-2: Ball 3-2: Strikes out swinging
|
Bottom of the 7th over - 0 runs, 0 hits, 0 errors, 0 left on base; Wake Forest 3 - Purdue 7 |
TOP OF THE 8TH |
Wake Forest Demon Deacons batting - Pitching for Purdue Boilermakers : RHP Jesús Betancourt
|
Batting: LHB Don Harris
|
0-0: Ball 1-0: Ball 2-0: Ball 3-0: Base on Balls
|
Batting: RHB William Allen
|
0-0: Called Strike 0-1: Ball 1-1: Foul Ball, location: 2F 1-2: Strikes out swinging
|
Batting: RHB Mike Pope
|
0-0: SINGLE (Flyball, 9S) Don Harris to second Runner from 2nd tries for 3rd, SAFE, no throw
|
Batting: RHB Jack Hogan
|
0-0: Called Strike 0-1: Ball 1-1: Called Strike 1-2: Foul Ball, location: 2F 1-2: Ball 2-2: Ball 3-2: Foul Ball, location: 2F 3-2: SINGLE (Flyball, 8LS) Don Harris scores Mike Pope to second Runner from 2nd tries for 3rd, SAFE, no throw
|
Pitching: RHP David James
|
|
Batting: RHB Rob Miller
|
0-0: Ball 1-0: Ball 2-0: Ball 3-0: Called Strike 3-1: Fly out, F7 (Flyball, 78M) Runner from 3rd tags up, SCORES, throw made
|
Batting: RHB Tim Workman
|
0-0: Ball 1-0: 2-RUN HOME RUN (Flyball, 7LD), Distance : 372 ft
|
Batting: RHB Leonard Brown
|
0-0: Ball 1-0: Foul Ball, location: 2F 1-1: Ground out 6-3 (Groundball, 6S)
|
Top of the 8th over - 4 runs, 3 hits, 0 errors, 0 left on base; Wake Forest 7 - Purdue 7 |
BOTTOM OF THE 8TH |
Purdue Boilermakers batting - Pitching for Wake Forest Demon Deacons : RHP Steve Crowe
|
Batting: RHB Mark Jordan
|
0-0: Ball 1-0: Ball 2-0: Called Strike 2-1: Ball 3-1: Foul Ball, location: 2F 3-2: Base on Balls
|
Batting: RHB Dave Burton
|
0-0: Foul Ball, location: 2F 0-1: Ball 1-1: Fly out, F9 (Flyball, 89D)
|
Batting: SHB Bryan Atkins
|
0-0: Foul Ball, location: 2F 0-1: Grounds out, U3 (Groundball, 3L)
|
Batting: RHB Lee Justice
|
0-0: Called Strike 0-1: SINGLE (Flyball, 89S) Mark Jordan to third Runner from 3rd tries for Home, SAFE, throw made home Lee Justice to second
|
Batting: RHB Aaron Baker
|
0-0: Ball 1-0: Ball 2-0: TRIPLE (Flyball, 89XD) Lee Justice scores
|
Pitching: LHP David Vallabares
|
|
Batting: LHB Norm St. John
|
0-0: Called Strike 0-1: Ball 1-1: Ball 2-1: Ball 3-1: Base on Balls
|
Pitching: RHP Javier Morán
|
|
Pinch Hitting: RHB Reggie Calhoun
|
0-0: Ball 1-0: Ball Wild Pitch! Aaron Baker scores Norm St. John to second 2-0: Ball 3-0: Called Strike 3-1: Foul Ball, location: 2F 3-2: TRIPLE (Flyball, 7D) Norm St. John scores
|
Batting: SHB Guy Chávez
|
0-0: Called Strike 0-1: Foul Ball, location: 2F 0-2: Strikes out swinging
|
Bottom of the 8th over - 4 runs, 3 hits, 0 errors, 1 left on base; Wake Forest 7 - Purdue 11 |
TOP OF THE 9TH |
Wake Forest Demon Deacons batting - Pitching for Purdue Boilermakers : RHP David James
|
Now in LF: Reggie Calhoun
|
|
Batting: RHB William Hudson
|
0-0: Swinging Strike 0-1: Fly out, F9 (Flyball, 9)
|
Batting: RHB Tyler Robinson
|
0-0: Called Strike 0-1: Swinging Strike 0-2: Foul Ball, location: 2F 0-2: Foul Ball, location: 2F 0-2: Ball 1-2: Foul Ball, location: 2F 1-2: Ball 2-2: Foul Ball, location: 2F 2-2: Ball 3-2: Foul Ball, location: 2F 3-2: Strikes out swinging
|
Batting: LHB Don Harris
|
0-0: Ball 1-0: Called Strike 1-1: Reached on error, E5 (Groundball, 56)
|
Batting: RHB William Allen
|
0-0: Foul Ball, location: 2F 0-1: Foul Ball, location: 2F 0-2: Fly out, F9 (Flyball, 89M)
|
Top of the 9th over - 0 runs, 0 hits, 1 error, 1 left on base; Wake Forest 7 - Purdue 11 |
|